 Dungeon Crawl Stone Soup version 0.31-a0-152-g6aa68a64a1 (webtiles) character file.

Game seed: 14705366942249196813

130 qw the Chopper (level 5, -18/32 HPs)
             Began as a Gargoyle Fighter on June 10, 2023.
             Demolished by an ogre
             ... wielding a +0 giant club
              (21 damage)
             ... on level 4 of the Dungeon.
             The game lasted 00:01:13 (2701 turns).

qw the Chopper (Gargoyle Fighter)                   Turns: 2701, Time: 00:01:14

Health: -18/32     AC: 12    Str: 22    XL:     5   Next: 13%
Magic:  5/5        EV:  9    Int:  8    God:
Gold:   92         SH:  4    Dex:  9    Spells: 4/4 levels left

rFire   + . .        Y - +1 broad axe (flame)
rCold   . . .        c - +0 buckler
rNeg    + . .        b - +0 scale mail
rPois   inf          i - +0 helmet
rElec   +            (no cloak)
rCorr   .            (no gloves)
SInv    .            (no boots)
Will    .....        (no amulet) Stlth
                     f - ring of protection from fire
HPRegen 0.25/turn    (no ring)
MPRegen 0.09/turn

%: no passive effects
@: no status effects
A: sickness immunity, AC +4, negative energy resistance 1, electricity
resistance, torment resistance 1, petrification resistance
a: no special abilities


You were on level 4 of the Dungeon.
You visited 1 branch of the dungeon, and saw 4 of its levels.

You collected 92 gold pieces.


Innate Abilities, Weirdness & Mutations

You are immune to sickness and miasma.
Your stone body is resilient. (AC +4)
You are immune to poison.
You resist negative energy. (rN+)
You are resistant to electric shocks. (rElec)
You are resistant to unholy torment.
You are immune to petrification.


   Skills:
 - Level 3.2 Fighting
 + Level 4.7 Axes
 - Level 3.2 Armour
 - Level 3.2 Shields


You had 4 spell levels left.
You didn't know any spells.
Your spell library was empty.

Inventory:

Hand Weapons
 Y - a +1 broad axe of flaming (weapon)
Missiles
 g - 6 boomerangs
Armour
 b - a +0 scale mail (worn)
 c - a +0 buckler (worn)
 i - a +0 helmet (worn)
 j - a +0 chain mail
Jewellery
 f - a ring of protection from fire (left hand)
Scrolls
 k - a scroll of vulnerability {unknown}
 q - a scroll of identify
Potions
 a - 3 potions of curing
 d - 2 potions of might
 e - 2 potions of cancellation
 h - a potion of enlightenment {unknown}
 l - a potion of berserk rage {unknown}
 m - a potion of heal wounds {unknown}
 n - a potion of resistance {unknown}
 p - a potion of lignification
 s - a potion of invisibility {unknown}

Dungeon Overview and Level Annotations

Branches:
Dungeon (4/15)
 Temple: D:4-7

Altars:


Message History

The adder bites you but does no damage.
You slash the adder! You burn the adder.
You kill the adder!
You barely miss the orc. The orc barely misses you.
A giant cockroach comes into view.
You slash the orc! You burn the orc.
You kill the orc!
You hit the giant cockroach. You burn the giant cockroach.
The giant cockroach is almost dead.
The giant cockroach closely misses you.
The giant cockroach completely misses you.
You hit the giant cockroach. You burn the giant cockroach.
You kill the giant cockroach!
You start resting.
HP restored.
Things that are here:
a giant cockroach corpse; an adder corpse An ogre comes into view.
It is wielding a +0 giant club.
The ogre moves out of view.
You closely miss the ogre. You block the ogre's attack.
You hit the ogre. You burn the ogre.
The ogre is lightly wounded.
The ogre hits you with a +0 giant club!
You slash the ogre! You burn the ogre.
The ogre is severely wounded.
The ogre hits you with a +0 giant club!!
Ouch! That really hurt!
You hit the ogre. You burn the ogre.
The ogre is severely wounded.
The ogre barely misses you.
You barely miss the ogre.
The ogre is severely wounded.
The ogre hits you but does no damage.
You closely miss the ogre.
The ogre is severely wounded.
The ogre hits you with a +0 giant club!!
Ouch! That really hurt!
You die...

## ... .. .. #.# #.# #.#
..#... #..# #.#.# ####
#..## #... # ...#
#..#####.###.###
...#######.#....O.......
...'...[.....%..@$....+
...########.).........#
...# ##.#########.. ####
...# ...... .......#
.......# .......#


You could see an ogre.

Vanquished Creatures
  Robin (D:2)
  5 adders
  A worm (D:3)
  A dart slug (D:3)
  2 orcs (D:4)
  5 bats
  3 endoplasms
  5 giant cockroaches
  10 goblins
  12 hobgoblins
  4 kobolds (D:2)
  2 quokkas
  4 ball pythons
  4 frilled lizards
  2 rats
61 creatures vanquished.

Notes
Turn   | Place    | Note
-------+----------+-------------------------------------------
     0 | D:1      | qw the Gargoyle Fighter began the quest for the Orb.
     0 | D:1      | Reached XP level 1. HP: 14/14 MP: 1/1
     0 | D:1      | 0 ||| qw: Version: 0.2-a-29-g767f381
     0 | D:1      | 0 ||| qw: Game counter: 3871
     0 | D:1      | 0 ||| qw: Always use a shield: true
     0 | D:1      | 0 ||| qw: God list: Okawaru
     0 | D:1      | 0 ||| qw: Allow faded altars: false
     0 | D:1      | 0 ||| qw: Do Orc after D:15 true
     0 | D:1      | 0 ||| qw: Do second Lair branch before Depths: true
     0 | D:1      | 0 ||| qw: Lair rune preference: random
     0 | D:1      | 0 ||| qw: Plans: Normal, Zot:1-4, Slime:5, God:TSO, Crypt,
                  | Tomb, Abyss, Pan, Hells, Win
     0 | D:1      | 0 ||| PLANNING D:1-11
    38 | D:1      | Reached skill level 2 in Axes
   224 | D:1      | Reached XP level 2. HP: 18/19 MP: 2/2
   444 | D:1      | 444 ||| UPGRADING to ring of protection from fire.
   445 | D:1      | 445 ||| READING scroll labelled KYCOXKATTA.
   446 | D:1      | 446 ||| DRINKING 2 fuming yellow potions.
   529 | D:2      | 529 ||| FLEEEEING.
   530 | D:2      | 530 ||| FLEEEEING.
   533 | D:2      | 533 ||| Stepping ~*~*~tactically~*~*~ (hiding).
   665 | D:2      | Noticed Robin
   666 | D:2      | 666 ||| Stepping ~*~*~tactically~*~*~ (stealth).
   682 | D:2      | Reached skill level 3 in Axes
   690 | D:2      | Reached XP level 3. HP: 23/23 MP: 3/3
   696 | D:2      | 696 ||| FLEEEEING.
   701 | D:2      | 701 ||| FLEEEEING.
   731 | D:2      | Killed Robin
   955 | D:2      | Reached XP level 4. HP: 28/28 MP: 4/4
   991 | D:2      | Reached skill level 4 in Axes
  1285 | D:2      | Found a faded altar of an unknown god.
  1453 | D:2      | 1453 ||| UPGRADING to +0 helmet.
  1458 | D:2      | 1458 ||| READING scroll labelled WEETION CAUMOPOE.
  1459 | D:2      | 1459 ||| READING scroll labelled HEIQ OGULAUX.
  1460 | D:2      | 1460 ||| READING scroll labelled NAPA QEC XAT.
  1461 | D:2      | 1461 ||| DRINKING 3 murky ruby potions.
  1648 | D:3      | 1648 ||| Stepping ~*~*~tactically~*~*~ (stealth).
  2476 | D:3      | 2476 ||| READING scroll labelled BEARGH ITYREKU.
  2479 | D:3      | 2479 ||| READING scroll labelled CUIMEV POUPP.
  2479 | D:3      | Identified a scroll of acquirement
  2479 | D:3      | 2479 ||| ACQUIRING +1 broad axe of flaming
  2479 | D:3      | Acquired a +1 broad axe of flaming
  2481 | D:3      | 2481 ||| SWAPPING to +1 broad axe of flaming.
  2482 | D:3      | 2482 ||| DROPPING +0 club.
  2483 | D:3      | 2483 ||| DROPPING +0 war axe.
  2484 | D:3      | 2484 ||| READING scroll labelled HYTUIT QEWK.
  2485 | D:3      | 2485 ||| READING scroll labelled APHUTI DYWOSMUAT.
  2586 | D:3      | 2586 ||| READING scroll labelled EVI ACOFATS.
  2587 | D:3      | 2587 ||| DRINKING 2 purple potions.
  2647 | D:4      | Reached XP level 5. HP: 32/32 MP: 5/5
  2691 | D:4      | Noticed an ogre
  2698 | D:4      | HP: 1/32 [ogre/+0 giant club (24)]
  2701 | D:4      | Demolished by an ogre

Levels and vault maps discovered:
D:1:      dpeg_arrival_arbitrary_c, layout_basic,
          wander_ebering_terrifying_dragon_lair
D:2:      layout_basic, dreamdust_ecumenical_altar_angels_and_demons, uniq_robin
D:3:      layout_loops_cross, serial_co_window_serial, co_window_paths_b,
          co_window_paths_a, co_window_paths_a, co_window_corner_a,
          co_window_of_opportunity_a, co_window_paths_a, co_window_corner_a,
          co_window_2corner, co_window_2corner, co_window_broadway_b,
          co_window_broadway_c, co_window_unsneaky_path_b, glass_columns_c,
          glass_columns_a, glass_columns_c, glass_columns_b, glass_columns_c,
          kennysheep_generic_room_11
D:4:      minmay_wonky_spiral, layout_basic, serial_shops, shop,
          minmay_misc_feat_roman, uniq_menkaure

Skill      XL: |  1  2  3  4 |
---------------+-------------+-----
Axes           | 2 3 4 |  4.7
Fighting       | |  3.2
Armour         | |  3.2
Shields        | |  3.2

Action                     |  1- 3 |  4- 6 || total
---------------------------+-------+-------++-------
  Melee: War axe           |    83 |    63 ||   146
         Broad axe         |       |    16 ||    16
    Use: Scroll            |     1 |     8 ||     9
         Potion            |     1 |     2 ||     3
 Armour: Scale mail        |    52 |    46 ||    98
  Dodge: Dodged            |    32 |    30 ||    62
  Block: Buckler           |    16 |     7 ||    23

Table legend:
 A = Non-vault XP
 B = Vault XP
 C = Vault XP percentage of total XP
 D = Non-vault monster count
 E = Vault monster count
 F = Vault count percentage of total count
                 A         B        C        D         E       F
            +---------+---------+-------+---------+---------+-------
      Total |     149 |      37 |  19.9 |      48 |      13 |  21.3
            +---------+---------+-------+---------+---------+-------
        D:1 |      10 |       1 |   9.1 |       6 |       1 |  14.3
        D:2 |      66 |      34 |  34.0 |      24 |      11 |  31.4
        D:3 |      50 |       2 |   3.8 |      13 |       1 |   7.1
        D:4 |      23 |       0 |   0.0 |       5 |       0 |   0.0
            +---------+---------+-------+---------+---------+-------
